 Dungeon Crawl Stone Soup version 0.18-a0-1426-g3b9a63c (webtiles) character file.

52 Kidiri the Magician (level 3, -13/20 HPs)
             Began as a Deep Elf Fire Elementalist on Feb 27, 2016.
             Killed from afar by a jackal (29 damage)
             ... with an exploding inner flame
             ... hexed by the player character
             ... on level 1 of the Dungeon.
             The game lasted 00:07:50 (1312 turns).

Kidiri the Magician (Deep Elf Fire Elementalist)    Turns: 1312, Time: 00:07:50

Health: -13/20     AC:  2    Str:  5    XL:     3   Next: 60%
Magic:  0/10       EV: 13    Int: 18    God:
Gold:   10         SH:  0    Dex: 15    Spells: 4 memorised, 0 levels left

rFire  . . .     SeeInvis .     g - +0 dagger
rCold  . . .     Gourm    .     a - +0 robe
rNeg   . . .     Faith    .     (no shield)
rPois  .         Spirit   .     (no helmet)
rElec  .         Dismiss  .     (no cloak)
rCorr  .         Reflect  .     f - +0 pair of gloves
SustAt .         Harm     .     (no boots)
MR     .....                    (no amulet)
Stlth  ++........               (no ring)
                                (no ring)

@: not resistant to hostile enchantments, unstealthy
A: deformed body, dopey 1
a: no special abilities


You were on level 1 of the Dungeon.
You were hungry.

You visited 1 branch of the dungeon, and saw 2 of its levels.

You collected 10 gold pieces.

Inventory:

Hand Weapons
 g - a +0 dagger (weapon)
Armour
 a - a +0 robe (worn)
 f - a +0 pair of gloves (worn)
Scrolls
 h - 3 scrolls of enchant armour {unknown}
Books
 b - a book of Flames

   Spells                             Type                      Level
   a - Flame Tongue                   Conjuration/Fire             1
   b - Throw Flame                    Conjuration/Fire             2
   c - Conjure Flame                  Conjuration/Fire             3
   d - Inner Flame                    Hexes/Fire                   3
   e - Sticky Flame                   Conjuration/Fire             4
   f - Fireball                       Conjuration/Fire             5
Comestibles
 c - 3 bread rations
 d - 3 chunks of flesh


   Skills:
 + Level 0.7 Fighting
 + Level 2.8 Dodging
 + Level 2.8 Stealth
 * Level 3.9 Spellcasting
 + Level 1.7 Conjurations
 + Level 1.0 Hexes
 + Level 3.5 Fire Magic


You couldn't memorise any spells.
You knew the following spells:

 Your Spells              Type           Power        Failure   Level  Hunger
a - Flame Tongue          Conj/Fire      ##...        6%          1    None
b - Throw Flame           Conj/Fire      ##....       10%         2    ##.....
c - Conjure Flame         Conj/Fire      ##......     17%         3    ###....
d - Inner Flame           Hex/Fire       ##......     21%         3    ###....


Dungeon Overview and Level Annotations

Branches:
Dungeon (2/15)

Altars:
Ashenzari


Innate Abilities, Weirdness & Mutations

Armour fits poorly on your strangely shaped body.
You are dopey. (Int -2)


Message History

The flame tongue hits the jackal.
The jackal is heavily wounded.
The jackal barely misses you. The hobgoblin hits you with a club.
The jackal closely misses you.
Casting: Flame Tongue
Confirm with . or Enter, or press ? or * to list all spells.
Aiming: Flame Tongue
Press: ? - help, Shift-Dir - straight line, f/p - jackal
Aim: a jackal (heavily wounded, inner flame)
The flame tongue hits the jackal.
The jackal explodes!
The fiery explosion engulfs the jackal.
The jackal explodes!
The fiery explosion engulfs the jackal.
You kill the jackal!
The fiery explosion engulfs the hobgoblin.
You kill the hobgoblin!
The fiery explosion engulfs you!
Ouch! That really hurt!
You die...

##### ######...# ##### #...
+...+ ...# #####+#######.#
#...# #.###
........#.....####...######...#
.......%#....h##............#..
...........§§§#...#...#...#.###
####+#.###§§§@.....#...#.#.#
#'# #§§§##.########.#.#


h.g #...##.......##.#.# .....#...###......##.#.# ......#.............#.#.#
#......#.................# #......#...............# #......#.............#
#.............# You could see a jackal.

Vanquished Creatures
  2 adders (D:2)
  2 giant geckos
  4 goblins (D:1)
  2 hobgoblins (D:1)
  4 jackals (D:1)
  8 kobolds
  2 bats (D:1)
  2 giant newts
  7 rats
33 creatures vanquished.

Notes
Turn   | Place    | Note
--------------------------------------------------------------
     0 | D:1      | Kidiri the Deep Elf Fire Elementalist began the quest for the Orb.
     0 | D:1      | Reached XP level 1. HP: 10/10 MP: 6/6
   194 | D:1      | Reached XP level 2. HP: 7/16 MP: 0/8
   213 | D:1      | You fall through a shaft!
   438 | D:2      | Found a shattered altar of Ashenzari.
   449 | D:2      | Learned a level 2 spell: Throw Flame
   535 | D:2      | Reached XP level 3. HP: 16/20 MP: 0/10
   540 | D:2      | Learned a level 3 spell: Conjure Flame
   544 | D:2      | Learned a level 3 spell: Inner Flame
   880 | D:1      | Reached skill level 1 in Hexes
  1295 | D:1      | Gained mutation: You are dopey. (Int -2) [potion of mutation]
  1295 | D:1      | Gained mutation: Armour fits poorly on your strangely shaped body. [potion of mutation]
  1312 | D:1      | Killed from afar by a jackal

Vault maps used:
D:1:      lemuel_arrival_river_bridge
D:2:      evilmike_ruin_ashenzari, first_bread, hex_medium,
          minmay_misc_feat_pillars

Skill      XL: |  1  2  3 |
---------------+----------+-----
Hexes          | 1 |  1.0
Fighting       | |  0.7
Dodging        | |  2.8
Stealth        | |  2.8
Spellcasting   | |  3.9
Conjurations   | |  1.7
Fire Magic     | |  3.5

Action                   || total
-------------------------++-------
Melee: Unarmed           ||     7
       Dagger            ||     1
 Cast: Flame Tongue      ||    34
       Throw Flame       ||    18
       Inner Flame       ||     2
       Conjure Flame     ||     1
  Use: Potion            ||     1
  Eat: Chunk             ||     1
